 Dungeon Crawl Stone Soup version 0.30-a0-390-g80c34de65d (webtiles) character file.

Game seed: 4135909820986058540

1054 bande the Chopper (level 8, -13/48 HPs)
             Began as a Gargoyle Fighter on Dec 5, 2022.
             Mangled by a large abomination (27 damage)
             ... on level 1 of the Abyss.
             The game lasted 00:09:43 (4892 turns).

bande the Chopper (Gargoyle Fighter)                Turns: 4892, Time: 00:09:44

Health: -13/48     AC: 19    Str: 19    XL:     8   Next: 26%
Magic:  8/8        EV: 11    Int: 10    God:
Gold:   247        SH: 11    Dex: 17    Spells: 7/7 levels left

rFire   . . .      SeeInvis .    a - +1 war axe (freeze)
rCold   . . .      Faith    .    c - +0 buckler
rNeg    + . .      Spirit   .    e - +0 chain mail
rPois   ∞          Reflect  +    b - +0 helmet
rElec   +          Harm     .    (no cloak)
rCorr   .          Rampage  .    z - +0 pair of gloves
Will    .....                    f - +0 pair of boots
Stlth   ..........               j - amulet of reflection
HPRegen 0.28/turn                k - +4 ring of evasion
MPRegen 0.11/turn                y - +6 ring of dexterity

@: no status effects
A: sickness immunity, AC +5, negative energy resistance 1, electricity
resistance, torment resistance 1, petrification resistance
a: no special abilities


You were on level 1 of the Abyss.
You visited 1 branch of the dungeon, and saw 5 of its levels.
You visited the Abyss 1 time.
You also visited: Sewer.

You collected 247 gold pieces.

Inventory:

Hand Weapons
 a - a +1 war axe of freezing (weapon)
 u - a +2 flail of holy wrath
Armour
 b - a +0 helmet (worn)
 c - a +0 buckler (worn)
 e - a +0 chain mail (worn)
 f - a +0 pair of boots (worn)
 z - a +0 pair of gloves (worn)
Jewellery
 j - an amulet of reflection (around neck)
 k - a +4 ring of evasion (left hand)
 w - a +6 ring of intelligence
 y - a +6 ring of dexterity (right hand)
Wands
 i - a wand of mindburst (15)
 l - a wand of iceblast (7)
 o - a wand of flame (3)
Scrolls
 m - a scroll of magic mapping
Potions
 d - 5 potions of might
 g - 9 potions of curing
 h - 3 potions of cancellation
 n - a potion of magic
 p - 2 potions of flight
 q - a potion of heal wounds {unknown}
 r - 3 potions of invisibility
 s - a potion of haste {unknown}
 t - a potion of mutation {unknown}
 v - a potion of brilliance {unknown}
 x - a potion of lignification {unknown}


   Skills:
 + Level 4.7 Fighting
 + Level 5.8 Axes
 + Level 4.9 Armour
 + Level 5.0 Shields
 * Level 3.4 Evocations


You had 7 spell levels left.
You didn't know any spells.
Your spell library contained the following spells:

 Spells                   Type           Power      Damage    Failure   Level
 Portal Projectile        Hex/Tloc       0%         N/A       100%        3
 Tukima's Dance           Hex            0%         N/A       100%        3
 Blade Hands              Tmut           0%         N/A       100%        5


Dungeon Overview and Level Annotations

Branches:
Dungeon (5/15)              Sewer (visited)
 Temple: D:4-7

Altars:
Nemelex Xobeh

Shops:
D:2 *


Innate Abilities, Weirdness & Mutations

You are immune to sickness and miasma.
Your stone body is resilient. (AC +5)
You are immune to poison.
You resist negative energy. (rN+)
You are resistant to electric shocks. (rElec)
You are resistant to unholy torment.
You are immune to petrification.


Message History

You climb downwards.
You block the orc warrior's attack.
The orc warrior hits you with a +1 battleaxe of distortion!
Space warps around you.
There is a stone staircase leading up here.
Unknown command.
The orc warrior closely misses you.
You climb upwards.
There is a stone staircase leading down here.
You hit the orc warrior but do no damage.
The orc warrior is moderately wounded.
You block the orc warrior's attack.
You hit the orc warrior. You freeze the orc warrior.
The orc warrior is heavily wounded.
The orc warrior closely misses you.
You hit the orc warrior but do no damage.
The orc warrior is heavily wounded.
You block the orc warrior's attack. x2
You hit the orc warrior. You freeze the orc warrior.
The orc warrior is heavily wounded.
You block the orc warrior's attack.
You barely miss the orc warrior.
The orc warrior is heavily wounded.
The orc warrior hits you with a +1 battleaxe of distortion.
Space warps around you.
You barely miss the orc warrior.
The orc warrior is heavily wounded.
The orc warrior hits you with a +1 battleaxe of distortion!
You are cast into the Abyss!
This branch contains the abyssal rune of Zot.
Unknown command.
Unknown command.
A large abomination comes into view.
The large abomination hits you!
* * * LOW HITPOINT WARNING * * *
The large abomination misses you.
The large abomination hits you but does no damage.
A small abomination comes into view.
The large abomination hits you!!
Ouch! That really hurt!
You die...

.. #. ...#
....##...##
#.#......##
#....#...#
####...#..#
#........#
#.##.##...#
##.X..##
#.@..#..#
#.#...#...#
..####....x#
.... .#.....
....#
.##.....
.#.# #.
..### #. .
## # #.


You could see a large abomination and a small abomination.

Vanquished Creatures
  Edmund (D:4)
  A water moccasin (D:5)
  A black bear (D:4)
  3 kobold brigands
  A scorpion (D:4)
  A water moccasin zombie (D:4)
  A jelly (D:5)
  A centaur skeleton (D:4)
  2 orc priests (D:5)
  The ghost of spardeous the Ducker, a weakling FeTm (D:4)
  An iguana (D:5)
  3 orc wizards
  Robin (D:2)
  A howler monkey skeleton (D:4)
  2 adders
  An ufetubus (D:5)
  3 worms
  2 dart slugs
  5 orcs (D:4)
  6 endoplasms
  3 giant cockroaches
  20 goblins
  6 hobgoblins
  4 jackals (D:1)
  18 kobolds
  4 quokkas
  5 ball pythons
  7 bats
  7 frilled lizards
  12 rats
124 creatures vanquished.

Vanquished Creatures (others)
  A plant (Sewer)
1 creature vanquished.

Grand Total: 125 creatures vanquished

Notes
Turn   | Place    | Note
-------+----------+-------------------------------------------
     0 | D:1      | bande the Gargoyle Fighter began the quest for the Orb.
     0 | D:1      | Reached XP level 1. HP: 14/14 MP: 1/1
   123 | D:1      | Reached XP level 2. HP: 18/19 MP: 2/2
   503 | D:1      | Reached XP level 3. HP: 22/23 MP: 3/3
  1009 | D:2      | Noticed Robin
  1024 | D:2      | Killed Robin
  1025 | D:2      | Reached XP level 4. HP: 25/29 MP: 4/4
  1336 | D:2      | Found Degist's Assorted Antiques.
  1475 | D:2      | Reached skill level 1 in Evocations
  1934 | D:3      | Found a glowing drain.
  1955 | Sewer    | Entered a sewer
  2126 | Sewer    | Noticed a kobold brigand
  2126 | Sewer    | Noticed a kobold brigand
  2138 | Sewer    | Killed a kobold brigand
  2139 | Sewer    | Reached XP level 5. HP: 20/33 MP: 5/5
  2146 | Sewer    | Killed a kobold brigand
  2147 | Sewer    | Reached XP level 6. HP: 23/38 MP: 6/6
  2974 | D:4      | Noticed Edmund
  2987 | D:4      | Killed Edmund
  2988 | D:4      | Found a transporter.
  3396 | D:4      | Found a sparkling altar of Nemelex Xobeh.
  3505 | D:4      | Reached XP level 7. HP: 37/43 MP: 7/7
  3580 | D:4      | Found a transporter.
  3580 | D:4      | Noticed spardeous's ghost (weakling FeTm)
  3781 | D:4      | Killed spardeous's ghost
  3788 | D:4      | Reached skill level 5 in Axes
  3974 | D:5      | Entered Level 5 of the Dungeon
  4365 | D:5      | Reached XP level 8. HP: 47/48 MP: 8/8
  4568 | D:5      | Reached skill level 5 in Shields
  4849 | Abyss:1  | Cast into level 1 of the Abyss (orc warrior)
  4892 | Abyss:1  | Mangled by a large abomination

Illustrated notes

Levels and vault maps discovered:
D:1:      dpeg_arrival_rooms_with_view, layout_basic, minivault_26
D:2:      layout_basic, serial_shops, nicolae_shop_overgrown_old_shop,
          palyth_stone_intersect, skrybe_limestone_x, uniq_robin
D:3:      layout_loops_ring, portal_sewer_entry_b
D:4:      layout_rooms, nemelex_altar_shiori, gammafunk_ghost_mausoleum,
          uniq_edmund
D:5:      layout_loops_ring, grunt_dithmenos_smoke_and_mirrors,
          serial_bayou_lagoon_a
Abyss:1:  base: D:5, minivault_25

Skill      XL: |  1  2  3  4  5  6  7  8 |
---------------+-------------------------+-----
Axes           | 2 3 4 5 |  5.8
Evocations     | 1 2 3 |  3.4
Fighting       | 4 |  4.7
Armour         | 4 |  4.9
Shields        | 4 5 |  5.0

Action                   |  1- 3 |  4- 6 |  7- 9 || total
-------------------------+-------+-------+-------++-------
Melee: War axe           |    84 |   169 |    96 ||   349
  Use: Scroll            |     4 |     5 |     4 ||    13
Armor: Chain mail        |    60 |    74 |    64 ||   198
Dodge: Dodged            |    49 |    68 |    55 ||   172
Block: Buckler           |    33 |    88 |    72 ||   193
       Reflection        |     1 |     2 |     2 ||     5

Table legend: (Time is in decaauts)
 A = Elapsed time spent in this place.
 B = Non-inter-level travel time spent in this place.
 C = Inter-level travel time spent in this place.
 D = Time resting spent in this place.
 E = Time spent auto-exploring this place.
 F = Levels seen in this place.
 G = Mean time per level.
                   A        B        C        D        E       F      G
               +--------+--------+--------+--------+--------+-----+--------+
         Total |   5039 |   4873 |    166 |   1334 |   2319 |   7 |  719.9 |
       Dungeon |   4573 |   4407 |    166 |   1177 |   2174 |   5 |  914.6 |
         Abyss |     42 |     42 |      0 |      0 |      0 |   1 |   42.0 |
         Sewer |    423 |    423 |      0 |    157 |    144 |   1 |  423.0 |
               +--------+--------+--------+--------+--------+-----+--------+

Top non-repeatable levels by time:
     D:4: 1479 daAuts
     D:2: 1104 daAuts
     D:1: 806 daAuts
     D:3: 738 daAuts
     D:5: 444 daAuts
   Sewer: 423 daAuts
 Abyss:1: 42 daAuts
